 Dungeon Crawl Stone Soup version 0.28-a0-691-gad6df49e81 (webtiles) character file.

Game seed: 10390777950774914728

510 timneilson the Covered (level 7, -14/44 HPs)
             Began as a Gargoyle Fighter on Oct 22, 2021.
             Demolished by an ogre (16 damage)
             ... on level 5 of the Dungeon.
             The game lasted 00:07:14 (3404 turns).

timneilson the Covered (Gargoyle Fighter)           Turns: 3404, Time: 00:07:15

Health: -14/44     AC: 21    Str: 21 (22) XL:     7   Next: 19%
Magic:  7/7        EV: 12    Int:  6 (8)  God:
Gold:   132        SH:  4    Dex:  7 (9)  Spells: 6/6 levels left

rFire   + . .      SeeInvis .   a - +1 long sword
rCold   . . .      Faith    .   c - +0 buckler
rNeg    + . .      Spirit   .   l - +0 chain mail
rPois   ∞          Reflect  .   r - +1 helmet
rElec   +          Harm     .   (no cloak)
rCorr   .          Rampage  ∞   (no gloves)
Will    .....                   h - +3 pair of seven-league boots {Rampage+∞}
Stlth   ..........              (no amulet)
HPRegen 0.14/turn               f - ring of protection from fire
MPRegen 0.10/turn               b - +4 ring of evasion

@: attractive
A: sickness immunity, AC +4, negative energy resistance 1, electricity
resistance, torment resistance 1, petrification resistance
a: no special abilities


You were on level 5 of the Dungeon.
You visited 1 branch of the dungeon, and saw 5 of its levels.

You collected 132 gold pieces.

Inventory:

Hand Weapons
 a - a +1 long sword (weapon)
Armour
 c - a +0 buckler (worn)
 h - the +3 pair of seven-league boots (worn) {Rampage+∞}
   (You found it on level 5 of the Dungeon)

   Its wearer moves as far as possible in that direction when moving towards
   enemies.
 l - a +0 chain mail (worn)
 r - a +1 helmet (worn)
Jewellery
 b - a +4 ring of evasion (right hand)
 f - a ring of protection from fire (left hand)
Wands
 p - a wand of digging (7)
 q - a wand of polymorph (5)
 s - a wand of flame (33)
Scrolls
 e - 2 scrolls of identify
 i - a scroll of amnesia
 k - a scroll of blinking
 o - a scroll of enchant weapon
Potions
 d - a potion of might
 g - 2 potions of flight


   Skills:
 + Level 4.4 Fighting
 * Level 3.6 Long Blades
 * Level 5.1 Armour
 + Level 1.6 Dodging
 * Level 5.0 Shields
 + Level 1.0 Evocations


You had 6 spell levels left.
You didn't know any spells.
Your spell library contained the following spells:

 Spells                   Type           Power      Damage    Failure   Level
 Sting                    Tmut/Pois      0%         1d3       99%         1
 Summon Small Mammal      Summ           0%         N/A       99%         1
 Ensorcelled Hibernation  Hex/Ice        0%         N/A       100%        2
 Poisonous Vapours        Pois/Air       0%         N/A       100%        2
 Call Canine Familiar     Summ           0%         N/A       100%        3
 Spider Form              Tmut/Pois      0%         N/A       100%        3
 Summon Guardian Golem    Hex/Summ       0%         N/A       100%        3
 Olgreb's Toxic Radiance  Pois           0%         N/A       100%        4


Dungeon Overview and Level Annotations

Branches:
Dungeon (5/15)
 Temple: D:4-7

Altars:
Elyvilon
Nemelex Xobeh
Ru
Uskayaw

Annotations:
D:3 2 transporters
D:5 Blork the orc


Innate Abilities, Weirdness & Mutations

You are immune to sickness and miasma.
Your stone body is resilient. (AC +4)
You are immune to poison.
You resist negative energy. (rN+)
You are resistant to electric shocks. (rElec)
You are resistant to unholy torment.
You are immune to petrification.


Message History

You destroy the water moccasin skeleton!
Your Evocations skill increases to level 1!
You hear the slow rusting of a very distant drain.
Found two stone staircases leading down.
An ogre comes into view. It is wielding a +0 giant club.
Blork the orc comes into view.
He is wielding a +0 long sword.
Blork the orc shouts!
A quokka comes into view.
An adder comes into view.
The adder hisses angrily.
Blork the orc looks satisfied for a moment.
There is a stone staircase leading up here.
It was a potion of degeneration.
There was something very wrong with that liquid.
You feel weakened.
You feel dopey.
You feel clumsy. The ogre closely misses you.
It was a potion of attraction.
You feel attractive to monsters. The quokka is attracted toward you.
Unknown command.
Blork the orc is attracted toward you. The adder is attracted toward you.
Blork the orc casts a spell.
Blork the orc seems to speed up.
You slash the ogre!
The ogre is moderately wounded.
The ogre hits you but does no damage.
You hit the ogre.
The ogre is heavily wounded.
The ogre closely misses you.
You hit the ogre but do no damage.
The ogre is heavily wounded.
The ogre hits you with a +0 giant club!!
* * * LOW HITPOINT WARNING * * *
Your chain mail prevents you from hitting the ogre.
The ogre is heavily wounded.
The ogre closely misses you.
Unknown command.
Your chain mail prevents you from hitting the ogre.
The ogre is heavily wounded.
The ogre hits you with a +0 giant club!
You die...

..#...>......##......#######.....
.................................
.............#...###..#.#.♣+♣♣♣'♣
.#...........§.#>####.....♣.....♣
...##.......##o..#........♣.≈≈≈.♣
.. #.##....§...o.....(.#.♣.....♣
. ..##........#Sr##......+.._..'
.............#O###.####.♣.....♣
#######......#@# #.# #.♣.≈≈≈.♣
##.#.....# .# ♣.....♣
#...#...###.# ♣'♣♣♣+♣
#...##.)##..##.# #.#.# ...#.
##.#.[....# #...#
..####.##....##### ###.# .#
#........# #.# #..........# #.##
..###......# ###..##


You could see Blork the orc (fast), an ogre, an adder and a quokka.

Vanquished Creatures
  An ogre (D:5)
  A scorpion (D:4)
  2 water moccasin skeletons (D:5)
  A howler monkey (D:5)
  2 centaur zombies (D:5)
  Ijyb (D:4)
  An orc wizard (D:3)
  4 adders
  A dart slug (D:2)
  14 orcs
  7 ball pythons
  2 bats
  3 endoplasms
  2 giant cockroaches
  3 goblins
  9 hobgoblins
  3 jackals (D:1)
  2 quokkas
  7 frilled lizards
  6 kobolds
  3 rats
75 creatures vanquished.

Notes
Turn   | Place    | Note
-------+----------+-------------------------------------------
     0 | D:1      | timneilson the Gargoyle Fighter began the quest for the
                  | Orb.
     0 | D:1      | Reached XP level 1. HP: 14/14 MP: 1/1
    30 | D:1      | Found a faded altar of an unknown god.
   147 | D:1      | Reached XP level 2. HP: 19/19 MP: 2/2
   975 | D:2      | Reached XP level 3. HP: 19/23 MP: 3/3
  1225 | D:2      | Found a sparkling altar of Nemelex Xobeh.
  1782 | D:3      | Found a sacrificial altar of Ru.
  2055 | D:3      | Reached XP level 4. HP: 12/29 MP: 4/4
  2429 | D:3      | Found a transporter.
  2443 | D:3      | Found a transporter.
  2580 | D:3      | Reached skill level 1 in Dodging
  2580 | D:3      | Reached XP level 5. HP: 20/33 MP: 5/5
  2949 | D:4      | Noticed Ijyb
  2961 | D:4      | Killed Ijyb
  2990 | D:4      | Found a white marble altar of Elyvilon.
  3241 | D:5      | Entered Level 5 of the Dungeon
  3251 | D:5      | Reached XP level 6. HP: 26/38 MP: 6/6
  3268 | D:5      | Found the +3 pair of seven-league boots {Rampage+∞}
  3313 | D:5      | Found a hide-covered altar of Uskayaw.
  3341 | D:5      | Reached skill level 5 in Armour
  3349 | D:5      | Reached XP level 7. HP: 21/43 MP: 7/7
  3357 | D:5      | Reached skill level 5 in Shields
  3373 | D:5      | Reached skill level 1 in Evocations
  3385 | D:5      | Noticed Blork the orc
  3402 | D:5      | HP: 2/44 [ogre (18)]
  3404 | D:5      | Demolished by an ogre

Illustrated notes

Levels and vault maps discovered:
D:1:      saegor_arrival_under_anarchy, layout_loops_ring,
          shapermc_ecumenical_altar_mp_highgroup
D:2:      layout_loops_cross, basic_altar
D:3:      gammafunk_steamed_eel, layout_basic, nicolae_ru_awakened_eye
D:4:      layout_cave_pools, nicolae_elyvilon_temple_path, uniq_ijyb
D:5:      layout_rooms, mainiacjoe_overflow_six_doors_small,
          fedhas_bush_and_centaur_altar, portal_sewer_entry_b,
          uniq_blork_the_orc

Skill      XL: |  1  2  3  4  5  6  7 |
---------------+----------------------+-----
Long Blades    | 2 3 |  3.6
Armour         | 4 5 |  5.1
Shields        | 4 5 |  5.0
Dodging        | 1 |  1.6
Fighting       | 4 |  4.4
Evocations     | 1 |  1.0

Action                   |  1- 3 |  4- 6 |  7- 9 || total
-------------------------+-------+-------+-------++-------
Melee: Long sword        |   130 |   163 |    18 ||   311
  Use: Scroll            |     4 |     6 |       ||    10
       Potion            |       |     1 |     2 ||     3
Armor: Scale mail        |    57 |       |       ||    57
       Chain mail        |       |   111 |    10 ||   121
Dodge: Dodged            |    52 |    66 |    13 ||   131
Block: Buckler           |    24 |    30 |     3 ||    57

Table legend: (Time is in decaauts)
 A = Elapsed time spent in this place.
 B = Non-inter-level travel time spent in this place.
 C = Inter-level travel time spent in this place.
 D = Time resting spent in this place.
 E = Time spent auto-exploring this place.
 F = Levels seen in this place.
 G = Mean time per level.
                   A        B        C        D        E       F      G
               +--------+--------+--------+--------+--------+-----+--------+
         Total |   3498 |   3401 |     97 |     12 |   2358 |   5 |  699.6 |
       Dungeon |   3498 |   3401 |     97 |     12 |   2358 |   5 |  699.6 |
               +--------+--------+--------+--------+--------+-----+--------+

Top non-repeatable levels by time:
     D:3: 1068 daAuts
     D:2: 987 daAuts
     D:1: 810 daAuts
     D:4: 449 daAuts
     D:5: 182 daAuts
